 Dungeon Crawl Stone Soup version 0.25.0-33-gff14898491 (webtiles) character file.

Game seed: 8011034024466930724

86 Peloso the Covered (level 4, -13/35 HPs)
             Began as a Demonspawn Fighter on July 6, 2020.
             Was an Initiate of Okawaru.
             Mangled by an ice beast (14 damage)
             ... on level 3 of the Dungeon.
             The game lasted 00:04:43 (2595 turns).

Peloso the Covered (Demonspawn Fighter)             Turns: 2595, Time: 00:04:44

Health: -13/35     AC:  9    Str: 17    XL:     4   Next: 26%
Magic:  4/4        EV:  4    Int:  9    God:    Okawaru [......]
Gold:   144        SH:  9    Dex: 13    Spells: 3/3 levels left

rFire    . . .     SeeInvis .   a - +0 long sword
rCold    . . .     Gourm    .   c - +0 kite shield
rNeg     . . .     Faith    .   g - +0 chain mail
rPois    .         Spirit   .   (helmet restricted)
rElec    .         Reflect  .   (no cloak)
rCorr    .         Harm     .   (no gloves)
MR       .....                  (no boots)
Stlth    ..........             (no amulet)
HPRegen  0.11/turn              (no ring)
MPRegen  0.09/turn              (no ring)

@: no status effects
A: horns 1, nightstalker 1
a: Renounce Religion


You were on level 3 of the Dungeon.
You worshipped Okawaru.
Okawaru was noncommittal.
You were hungry.

You visited 1 branch of the dungeon, and saw 3 of its levels.

You collected 144 gold pieces.

Inventory:

Hand Weapons
 a - a +0 long sword (weapon)
Armour
 b - a +0 scale mail
 c - a +0 kite shield (worn)
 g - a +0 chain mail (worn)
Jewellery
 h - a +6 ring of dexterity {unknown}
 k - a +6 ring of strength {unknown}
Scrolls
 e - 3 scrolls of identify
 j - a scroll of fear
 n - a scroll of blinking
 o - a scroll of enchant weapon {unknown}
 p - a scroll of immolation {unknown}
 q - a scroll of teleportation {unknown}
 r - a scroll of amnesia {unknown}
Potions
 d - a potion of might
 l - 2 potions of lignification {unknown}
 m - a potion of berserk rage
Comestibles
 f - 7 rations


   Skills:
 + Level 3.3 Fighting
 + Level 2.3 Long Blades
 + Level 3.4 Armour
 + Level 0.2 Dodging
 + Level 1.0 Stealth
 + Level 3.1 Shields


You had 3 spell levels left.
You didn't know any spells.
Your spell library was empty.

Dungeon Overview and Level Annotations

Branches:
Dungeon (3/15)

Altars:
Cheibriados
Okawaru
The Shining One


Innate Abilities, Weirdness & Mutations

You have a pair of small horns on your head.
You are slightly more attuned to the shadows.


Message History

You hit the ice beast. Your headbutt misses the ice beast.
The ice beast is severely wounded.
The ice beast hits you.
* * * LOW HITPOINT WARNING * * *
The ice beast freezes you.
* * * LOW HITPOINT WARNING * * *
You hit the ice beast but do no damage.
The ice beast is severely wounded.
The ice beast hits you but does no damage.
You block the ice beast's attack.
You hit the ice beast but do no damage.
The ice beast is severely wounded.
The ice beast hits you but does no damage.
Unknown command.
You hit the ice beast but do no damage.
The ice beast is severely wounded.
The ice beast hits you.
* * * LOW HITPOINT WARNING * * *
The ice beast freezes you!
You die...

........# #.#...#.#
###.#.#.#.#
.....#...######. ..#
######.#.#...#.........#
.<.........รท...........+
####.#.#)#.#.#.####....#
#### #.#.#.#.#.####....#
.#.# #.#.#.#.#.#@Y.....#
.... #)#(#.#.#.##......#
.#.#
#.#)#.#...('......#.#
.#.#
#.#.#.##..##...##.#.#
.#.#
#.#.#..........##.#.#
.#.#
#.#.....#..#.####.#.#
##.# #.#######..#.# #.#.#
##.###.# .......#.# #.#.#
..)....# #####....# #.#.#


You could see an ice beast.

Vanquished Creatures
  2 adders (D:2)
  2 worms (D:2)
  2 leopard geckos (D:2)
  An orc (D:3)
  5 giant cockroaches
  8 goblins
  6 hobgoblins
  8 jackals
  2 quokkas (D:2)
  6 bats
  3 frilled lizards
  5 kobolds (D:3)
  5 rats
55 creatures vanquished.

Notes
Turn   | Place    | Note
-------+----------+-------------------------------------------
     0 | D:1      | Peloso the Demonspawn Fighter began the quest for the Orb.
     0 | D:1      | Reached XP level 1. HP: 18/18 MP: 1/1
   268 | D:1      | Gained mutation: You are slightly more attuned to the
                  | shadows. [demonic ancestry]
   268 | D:1      | Reached XP level 2. HP: 21/24 MP: 2/2
   951 | D:2      | Gained mutation: You have a pair of small horns on your
                  | head. [demonic ancestry]
   951 | D:2      | Reached XP level 3. HP: 16/29 MP: 3/3
  1152 | D:2      | Found an iron altar of Okawaru.
  1159 | D:2      | Became a worshipper of Warmaster Okawaru
  1268 | D:2      | Found a glowing golden altar of the Shining One.
  1447 | D:2      | Found a snail-covered altar of Cheibriados.
  1622 | D:2      | Reached XP level 4. HP: 18/35 MP: 4/4
  2112 | D:3      | Reached skill level 1 in Stealth
  2394 | D:3      | Noticed an ice beast
  2595 | D:3      | HP: 1/35 [ice beast (3)]
  2595 | D:3      | Mangled by an ice beast

Illustrated notes

Levels and vault maps discovered:
D:1:      ebering_hopf_link, layout_basic, serial_rivers,
          chequers_serial_rivers_small_b, chequers_serial_rivers_small_3,
          chequers_serial_rivers_micro_b, chequers_serial_rivers_micro_a
D:2:      layout_rooms, nicolae_overflow_crystal_walls, lemuel_crystal_altar,
          kennysheep_okawaru_gauntlet, minmay_misc_feat_more_columns,
          minmay_misc_feat_pillars
D:3:      layout_basic, first_ration

Skill      XL: |  1  2  3  4 |
---------------+-------------+-----
Armour         | 3 |  3.4
Long Blades    | 2 |  2.3
Shields        | 3 |  3.1
Stealth        | 1 |  1.0
Fighting       | |  3.3
Dodging        | |  0.2

Action                   |  1- 3 |  4- 6 || total
-------------------------+-------+-------++-------
Melee: Long sword        |   145 |    59 ||   204
       Headbutt          |    12 |     8 ||    20
  Use: Scroll            |       |     3 ||     3
       Potion            |       |     2 ||     2
  Eat: Chunk             |     2 |     3 ||     5
Armor: Scale mail        |    14 |       ||    14
       Chain mail        |    81 |    42 ||   123
Dodge: Dodged            |    36 |     7 ||    43
Block: Kite shield       |    96 |    33 ||   129
       Rpst.: Long sword |     7 |     1 ||     8
